 Dungeon Crawl Stone Soup version 0.21.1-1-g345015f (webtiles) character file.

81 tyranidshit the Skirmisher (level 4, -1/39 HPs)
             Began as a Demonspawn Abyssal Knight on July 25, 2018.
             Was a Follower of Lugonu.
             Killed from afar by Sigmund (5 damage)
             ... with a puff of flame
             ... on level 2 of the Dungeon.
             The game lasted 00:04:37 (1373 turns).

tyranidshit the Skirmisher (DsAK)                   Turns: 1373, Time: 00:04:38

Health: -1/39      AC: 12    Str: 11 (13) XL:     4   Next: 19%
Magic:  5/5        EV:  2    Int: 10 (13) God:    Lugonu [*.....]
Gold:   131        SH:  0    Dex: 10 (13) Spells: 3/3 levels left

rFire    . . .     SeeInvis .   a - +2 hand axe
rCold    + . .     Gourm    .   (no shield)
rNeg     . . .     Faith    .   f - +1 plate armour
rPois    .         Spirit   .   (no helmet)
rElec    .         Reflect  .   (no cloak)
rCorr    .         Harm     .   (no gloves)
MR       .....                  (no boots)
Stlth    ..........             (no amulet)
HPRegen  0.13/turn              e - ring of protection from cold
MPRegen  0.09/turn              o - +1 ring of protection

@: no status effects
A: talons 1, nightstalker 1
a: Depart the Abyss, Renounce Religion


You were on level 2 of the Dungeon.
You worshipped Lugonu.
Lugonu was aware of your devotion.
You were not hungry.

You visited 1 branch of the dungeon, and saw 2 of its levels.
You visited the Abyss 1 time.

You collected 131 gold pieces.

Inventory:

Hand Weapons
 a - a +2 hand axe (weapon)
Armour
 b - a +0 leather armour
 d - a +0 plate armour
 f - a +1 plate armour (worn)
Jewellery
 e - a ring of protection from cold (left hand)
 i - an uncursed ring of protection from magic
 o - a +1 ring of protection (right hand)
Scrolls
 h - 2 scrolls of enchant weapon
Potions
 g - a potion of cancellation
 p - 2 potions of agility
Comestibles
 c - 2 rations


   Skills:
 - Level 5.1 Fighting
 - Level 1.7 Axes
 + Level 1.7 Armour
 - Level 0.8 Dodging
 - Level 2.4 Invocations


You had 3 spell levels left.
You didn't know any spells.

Dungeon Overview and Level Annotations

Branches:
Dungeon (2/15)

Altars:
The Shining One

Annotations:
D:2 Sigmund


Innate Abilities, Weirdness & Mutations

You have sharp toenails.
You are slightly more attuned to the shadows.


Message History

Deactivating autopickup; reactivate with Ctrl-A.
Found a dented bone amulet.
Sigmund hits you but does no damage.
You closely miss Sigmund. Sigmund hits you with a scythe.
You hit Sigmund. You claw Sigmund.
Sigmund is lightly wounded.
You closely miss Sigmund.
Sigmund is lightly wounded.
Sigmund laughs darkly.
Sigmund hits you with a scythe!
* * * LOW HITPOINT WARNING * * *
Sigmund hits you but does no damage. Sigmund gestures at you while chanting.
The magic dart hits you!
* * * LOW HITPOINT WARNING * * *
Sigmund mumbles some strange words.
Sigmund flickers and vanishes!
A puff of flame appears from out of thin air!
The puff of flame hits you!
You die...

###############
#......@......####
##{#########.......
#.....@......#.###"
#..########### #
#..# #########..#
......[....######
####.............
######.###### #.


There were no monsters in sight!

Vanquished Creatures
  A worker ant (D:2)
  An adder (D:2)
  2 dart slugs
  A leopard gecko (D:1)
  2 giant cockroaches (D:2)
  6 goblins
  2 hobgoblins (D:2)
  5 jackals (D:1)
  4 kobolds
  A quokka (D:2)
  4 bats (D:1)
  6 frilled lizards
  9 rats
44 creatures vanquished.

Vanquished Creatures (others)
  A lurking horror (Abyss:2)
1 creature vanquished.

Grand Total: 45 creatures vanquished

Notes
Turn   | Place    | Note
-------+----------+-------------------------------------------
     0 | Abyss:1  | tyranidshit the Demonspawn Abyssal Knight began the quest for the Orb.
     0 | Abyss:1  | Reached XP level 1. HP: 18/18 MP: 2/2
    35 | Abyss:2  | Noticed a small abomination
    50 | D:1      | Escaped the Abyss
    92 | D:1      | Reached * piety under Lugonu
   159 | D:1      | Gained mutation: You have sharp toenails. [demonic ancestry]
   159 | D:1      | Reached XP level 2. HP: 10/24 MP: 3/3
   498 | D:1      | Reached skill level 4 in Fighting
   909 | D:2      | Reached XP level 3. HP: 30/30 MP: 4/4
  1127 | D:2      | Found a glowing golden altar of the Shining One.
  1200 | D:2      | Reached skill level 5 in Fighting
  1200 | D:2      | Gained mutation: You are slightly more attuned to the shadows. [demonic ancestry]
  1200 | D:2      | Reached XP level 4. HP: 15/39 MP: 5/5
  1296 | D:2      | Noticed Sigmund
  1373 | D:2      | Killed from afar by Sigmund

Skill      XL: |  1  2  3 |
---------------+----------+-----
Fighting       | 4 5 |  5.1
Axes           | |  1.7
Armour         | |  1.7
Dodging        | |  0.8
Invocations    | |  2.4

Action                   |  1- 3 |  4- 6 || total
-------------------------+-------+-------++-------
Melee: Hand axe          |   134 |     3 ||   137
       Kick              |    12 |     1 ||    13
Invok: Depart the Abyss  |     1 |       ||     1
  Use: Scroll            |     6 |       ||     6
       Potion            |     5 |     1 ||     6
 Stab: Invisible         |     1 |       ||     1
  Eat: Ration            |     1 |       ||     1
Armor: Plate armour      |   115 |     2 ||   117
Dodge: Dodged            |    40 |       ||    40
